 Dungeon Crawl Stone Soup version 0.24.0-123-gd5b16e6ec5 (webtiles) character file.

Game seed: 16474597128536704797, levelgen mode: deterministic

2465256 Froggeryz the Gargoyle Barricade (level 27, 193/193 HPs)
             Began as a Gargoyle Fighter on Dec 23, 2019.
             Was the Champion of Okawaru.
             Escaped with the Orb
             ... and 4 runes on Dec 27, 2019!
             The game lasted 02:45:32 (65706 turns).

Froggeryz the Gargoyle Barricade (GrFi)            Turns: 65706, Time: 02:45:33

Health: 193/193    AC: 71    Str: 37      XL:     27
Magic:  30/30      EV: 13    Int: 14 (15) God:    Okawaru [******]
Gold:   6426       SH: 32    Dex: 16      Spells: 30/35 levels left

rFire    + . .     SeeInvis .   P - +9 eveningstar (crush)
rCold    + + .     Gourm    .   I - +3 large shield {reflect}
rNeg     + . .     Faith    .   z - +10 crystal plate armour of Plasticity {Dex+5 Slay+2}
rPois    ∞         Spirit   .   F - +2 hat {MR+}
rElec    +         Reflect  +   U - scarf {rC+ rF+}
rCorr    +         Harm     .   s - +3 pair of gauntlets of War {Slay+5}
MR       ++++.     NoCast   +   D - +0 pair of boots of the Thoughtful Gods {-Cast Str+10 Slay+3}
Stlth    ..........             y - amulet of regeneration
HPRegen  0.82/turn              v - ring of resist corrosion
MPRegen  0.22/turn              a - +3 ring of protection

@: flying, studying Stealth
A: big wings, horns 2, rugged brown scales 1, agile 1, cold resistance 1, magic
resistance 1, negative energy resistance 1, sense surroundings 2, electricity
resistance, inhibited regeneration, unbreathing, petrification resistance, rot
immunity, AC +20
0: Orb of Zot
}: 4/15 runes: decaying, slimy, silver, gossamer
a: Stop Flying, Heroism, Finesse, Renounce Religion


You escaped.
You worshipped Okawaru.
Okawaru was exalted by your worship.
You were not hungry.

You visited 11 branches of the dungeon, and saw 55 of its levels.
You also visited: Ossuary, Gauntlet, Ice Cave and Volcano.

You collected 7527 gold pieces.
You spent 1101 gold pieces at shops.

Inventory:

Hand Weapons
 C - the +4 shortbow "Suoq" {flame, rC++ Str-4 Int+3}
   (You found it on level 5 of the Pits of Slime)

   It causes projectiles fired from it to burn those they strike, causing extra
   injury to most foes and up to half again as much damage against particularly
   susceptible opponents.
   It affects your strength (-4).
   It affects your intelligence (+3).
   It greatly protects you from cold.
 H - the +8 rapier of Waget {pierce, MR++ Int-5 Dex+6}
   (You found it on level 5 of the Pits of Slime)

   It inflicts extra damage upon your enemies.
   It affects your intelligence (-5).
   It affects your dexterity (+6).
   It affects your resistance to hostile enchantments.
 J - the cursed +3 morningstar "Ruqekhlau" {speed, rPois rC- Str+5 Dex+2}
   (You found it on level 5 of the Pits of Slime)

   Attacks with this weapon are significantly faster.
   It affects your strength (+5).
   It affects your dexterity (+2).
   It makes you vulnerable to cold.
   It protects you from poison.
   It has a curse placed upon it.
 P - a +9 eveningstar of crushing (weapon)
Missiles
 L - 11 silver javelins (quivered)
 N - 23 curare-tipped darts
Armour
 c - the +4 pair of gloves of Submission {rC+}
   (You found it on level 2 of the Depths)

   It protects you from cold.
 s - the +3 pair of gauntlets of War (worn) {Slay+5}
   (Okawaru gifted it to you on level 6 of the Lair of Beasts)

   It affects your accuracy and damage with ranged weapons and melee attacks
   (+5).
 z - the +10 crystal plate armour of Plasticity (worn) {Dex+5 Slay+2}
   (Okawaru gifted it to you on level 3 of the Realm of Zot)

   It affects your dexterity (+5).
   It affects your accuracy and damage with ranged weapons and melee attacks
   (+2).
 A - +9 gold dragon scales
 B - the +8 orange crystal plate armour {Archmagi, Int+3 Clar}
   (You found it on level 5 of the Pits of Slime)

   It affects your intelligence (+3).
   It protects you against confusion.
 D - the +0 pair of boots of the Thoughtful Gods (worn) {-Cast Str+10 Slay+3}
   (Okawaru gifted it to you on level 2 of the Depths)

   It affects your strength (+10).
   It affects your accuracy and damage with ranged weapons and melee attacks
   (+3).
   It prevents spellcasting.
 F - a +2 hat of magic resistance (worn)
 I - a +3 large shield of reflection (worn)
 U - a scarf of resistance (worn)
 W - the +4 robe of Augmentation {Str+4 Int+4 Dex+4}
   (You found it on level 5 of the Pits of Slime)

   It affects your strength (+4).
   It affects your intelligence (+4).
   It affects your dexterity (+4).
 Y - the +0 helmet "Runae" {-Tele rElec MR+}
   (You found it in a Gauntlet)

   It insulates you from electricity.
   It affects your resistance to hostile enchantments.
   It prevents most forms of teleportation.
Jewellery
 a - a +3 ring of protection (right hand)
 d - an uncursed ring of protection from magic
 v - a ring of resist corrosion (left hand)
 y - an amulet of regeneration (around neck)
 M - an uncursed ring of see invisible
Wands
 k - a wand of clouds (4)
 m - a wand of enslavement (16)
 n - a wand of digging (25)
 K - a wand of iceblast (48)
 S - a wand of acid (18)
 V - a wand of paralysis (12)
Scrolls
 b - a scroll of brand weapon
 e - 4 scrolls of immolation
 g - 8 scrolls of fear
 h - 32 scrolls of teleportation
 i - 12 scrolls of identify
 j - 10 scrolls of blinking
 p - 13 scrolls of enchant weapon
 q - 31 scrolls of remove curse
 u - 9 scrolls of fog
 w - 6 scrolls of magic mapping
 E - a scroll of summoning
Potions
 l - a potion of heal wounds
 r - 3 potions of agility
 t - 20 potions of curing
 x - 2 potions of invisibility
 G - 4 potions of brilliance
 O - 5 potions of might
 R - 5 potions of haste
 T - 7 potions of resistance
 X - 4 potions of cancellation
 Z - 2 potions of berserk rage
Books
 Q - a manual of Stealth
Miscellaneous
 o - a phantom mirror
Comestibles
 f - 59 rations


   Skills:
 + Level 23.3 Fighting
 - Level 20.6 Maces & Flails
 - Level 21.2 Armour
 * Level 8.9 Dodging
 O Level 27 Shields
 - Level 4.5 Spellcasting
 - Level 16.3 Translocations
 - Level 10.0 Invocations
 - Level 10.5 Evocations


You had 30 spell levels left.
You knew the following spells:

 Your Spells              Type           Power        Failure   Level  Hunger
a - Blink                 Tloc           N/A          1%          2    ##.....
b - Lesser Beckoning      Tloc           #####.....   1%          3    ###....

Your spell library contained the following spells:

 Spells                   Type           Power        Failure   Level  Hunger
 Apportation              Tloc           #####.       1%          1    None
 Gell's Gravitas          Tloc           #####.....   1%          3    ###....
 Teleport Other           Tloc           #####...     1%          3    ###....
 Shroud of Golubria       Chrm/Tloc      ####..       6%          2    ##.....
 Portal Projectile        Hex/Tloc       ####..       12%         3    ###....
 Recall                   Summ/Tloc      N/A          12%         3    ###....
 Summon Forest            Summ/Tloc      ####......   73%         5    ######.
 Animate Skeleton         Necr           N/A          75%         1    None
 Confusing Touch          Hex            #.....       75%         1    None
 Corona                   Hex            #......      75%         1    None
 Freeze                   Ice            #...         75%         1    None
 Magic Dart               Conj           #...         75%         1    None
 Pain                     Necr           #...         75%         1    None
 Sandblast                Erth           #.....       75%         1    None
 Shock                    Conj/Air       #...         75%         1    None
 Sting                    Conj/Pois      #...         75%         1    None
 Summon Butterflies       Summ           #.......     75%         1    None
 Summon Small Mammal      Summ           #...         75%         1    None
 Call Imp                 Summ           #.......     86%         2    ##.....
 Corpse Rot               Necr           N/A          86%         2    ##.....
 Passwall                 Tmut/Erth      #.......     86%         2    ##.....
 Poisonous Vapours        Pois/Air       #.....       86%         2    ##.....
 Slow                     Hex            #.......     86%         2    ##.....
 Song of Slaying          Chrm           #.......     86%         2    ##.....
 Swiftness                Chrm/Air       #.......     86%         2    ##.....
 Throw Frost              Conj/Ice       #.....       86%         2    ##.....
 Call Canine Familiar     Summ           #.......     98%         3    ###....
 Confuse                  Hex            #.......     98%         3    ###....
 Conjure Flame            Conj/Fire      #.......     98%         3    ###....
 Ignite Poison            Fire/Tmut/Pois #.......     98%         3    ###....
 Inner Flame              Hex/Fire       #.......     98%         3    ###....
 Mephitic Cloud           Conj/Pois/Air  #.......     98%         3    ###....
 Ozocubu's Armour         Chrm/Ice       #.......     98%         3    ###....
 Regeneration             Chrm/Necr      #.........   98%         3    ###....
 Static Discharge         Conj/Air       #.......     98%         3    ###....
 Stone Arrow              Conj/Erth      #.....       98%         3    ###....
 Summon Guardian Golem    Hex/Summ       #.......     98%         3    ###....
 Vampiric Draining        Necr           #.........   98%         3    ###....
 Airstrike                Air            #.........   100%        4    ####...
 Animate Dead             Necr           N/A          100%        4    ####...
 Cause Fear               Hex            #.........   100%        4    ####...
 Ice Form                 Ice/Tmut       #.......     100%        4    ####...
 Leda's Liquefaction      Hex/Erth       #.........   100%        4    ####...
 Olgreb's Toxic Radiance  Pois           #.......     100%        4    ####...
 Petrify                  Tmut/Erth      #.......     100%        4    ####...
 Summon Ice Beast         Ice/Summ       #.......     100%        4    ####...
 Summon Lightning Spire   Summ/Air       #.......     100%        4    ####...
 Throw Icicle             Conj/Ice       #.......     100%        4    ####...
 Agony                    Necr           #.......     100%        5    ######.
 Alistair's Intoxication  Tmut/Pois      #.......     100%        5    ######.
 Aura of Abjuration       Summ           #.........   100%        5    ######.
 Fireball                 Conj/Fire      #.........   100%        5    ######.
 Irradiate                Conj/Tmut      #.........   100%        5    ######.
 Lee's Rapid Deconstruct  Erth           #.........   100%        5    ######.
 Lightning Bolt           Conj/Air       #.........   100%        5    ######.
 Metabolic Englaciation   Hex/Ice        #.........   100%        5    ######.
 Summon Demon             Summ           #.........   100%        5    ######.
 Summon Mana Viper        Hex/Summ       #.......     100%        5    ######.
 Venom Bolt               Conj/Pois      #.........   100%        5    ######.
 Yara's Violent Unravell  Hex/Tmut       #.........   100%        5    ######.
 Bolt of Cold             Conj/Ice       #.........   100%        6    #######
 Bolt of Fire             Conj/Fire      #.........   100%        6    #######
 Darkness                 Hex            #.........   100%        6    #######
 Deflect Missiles         Chrm/Air       #.........   100%        6    #######
 Freezing Cloud           Conj/Ice/Air   #.........   100%        6    #######
 Hydra Form               Tmut           #.........   100%        6    #######
 Invisibility             Hex            #.......     100%        6    #######
 Ozocubu's Refrigeration  Ice            #.........   100%        6    #######
 Poison Arrow             Conj/Pois      #.........   100%        6    #######
 Shadow Creatures         Summ           N/A          100%        6    #######
 Simulacrum               Ice/Necr       #.........   100%        6    #######
 Haunt                    Necr/Summ      #.........   100%        7    #######
 Ring of Flames           Chrm/Fire      #.........   100%        7    #######
 Spellforged Servitor     Conj/Summ      #.........   100%        7    #######
 Summon Hydra             Summ           #.........   100%        7    #######
 Borgnjor's Revivificati  Necr           #.........   100%        8    #######
 Chain Lightning          Conj/Air       #.........   100%        8    #######
 Death's Door             Chrm/Necr      #.........   100%        8    #######
 Ignition                 Fire           #.........   100%        8    #######
 Infestation              Necr           #.........   100%        8    #######
 Lehudib's Crystal Spear  Conj/Erth      #.........   100%        8    #######
 Necromutation            Tmut/Necr      #.........   100%        8    #######
 Dragon's Call            Summ           #.........   100%        9    #######
 Fire Storm               Conj/Fire      #.........   100%        9    #######
 Glaciate                 Conj/Ice       #.........   100%        9    #######
 Passage of Golubria      Tloc           Unusable     N/A         4    N/A
 Sublimation of Blood     Necr           Unusable     N/A         2    N/A

Dungeon Overview and Level Annotations

Branches:
Dungeon (15/15)            Temple (1/1) D:4            Lair (6/6) D:11
  Swamp (4/4) Lair:3       Spider (4/4) Lair:4        Slime (5/5) Lair:6
    Orc (2/2) D:12            Elf (3/3) Orc:2        Vaults (5/5) D:14
  Crypt (0/3) Vaults:3     Depths (5/5) D:15            Zot (5/5) Depths:5
Ossuary (visited)           IceCv (visited)         Volcano (visited)
Gauntlet (visited)

Altars:
Cheibriados
Dithmenos
Elyvilon
Gozag
Hepliaklqana
Kikubaaqudgha
Nemelex Xobeh
Okawaru
Qazlal
Trog
Vehumet
Xom
Beogh

Shops:
D:7 [   D:12 (   D:13 ?:=**?=   Orc:2 ((*((   Elf:3 %%:*   Vaults:5 !%?%?!??
Depths:5 %

Portals:
Hell: Depths:1 Depths:2 Depths:3 Depths:4 Depths:5
Abyss: Depths:1 Depths:4
Pandemonium: Depths:2 Depths:3 Depths:5
Ziggurat: Depths:3

Annotations:
D:7 1 runed translucent door, Norian's ghost, novice DECj
D:11 2 transporters, FishyPogo's ghost, journeyman GrBe
Lair:4 3 runed translucent doors, Murgh's ghost, journeyman MiBe
Lair:6 exclusion: 4 oklob plants
Vaults:1 1 runed translucent door, theMacoje's ghost, adept OgEn
Vaults:4 3 runed translucent doors, Adoajy's ghost, adept DsWr; Marixus's ghost, adept HOFi; Yjimoseergh's ghost, adept SpFE


Innate Abilities, Weirdness & Mutations

You are resistant to torment.
Your stone body is resilient. (AC +20)
You are immune to poison.
Your large and strong wings let you fly indefinitely.
You resist negative energy. (rN+)
You are resistant to electric shocks. (rElec)
You can survive without breathing.
You are immune to petrification.
You are immune to rotting.
You have a pair of horns on your head.
You are partially covered in rugged brown scales. (AC +1, +3% HP)
You are agile. (Dex +2)
Your flesh is cold resistant. (rC+)
You are resistant to hostile enchantments. (MR+)
You passively map the area around you.
You do not regenerate when monsters are visible.


Message History

(N) Spider Nest (M) Slime Pits (O) Orcish Mines (E) Elven Halls (V) Vaults (C) Crypt (U) Depths (H) Hell (Z) Zot
Where to? (Enter - D:3 @ (x,y), ? - help)
There is an open door here.
There is an open door, spattered with blood here.
A sixfirhy, an orange demon and a cacodemon come into view.
You can't go up here!
The orange demon screeches!
An orange demon comes into view.
There is a stone staircase leading up here.
You block the sixfirhy's attack. x3
You fly upwards.
There is a stone staircase leading down here.
An Orb Guardian comes into view.
There is a stone staircase leading up here.
You fly upwards.
There is a stone staircase leading down here.
There is a staircase leading out of the dungeon here.
You have escaped!

#^....#.......##.# #.#
#.###.#.#.######.# #.#
#.#.#.#.#.....##.# #.#
#.#)#.#.#####.##.########.#
#...#.#.#...#.##..........#
#####.#.#.#.#.#########.#.##
#.......#.#.#.#### #.....#
#########.#.#.#.#..# ##...##
#.........#.#@#.##.# #..##
#.#######.#.#.#.##.#### #..#
#.#.......#.#.#.#.....# #..#
#.#.#####.#.#...##.##.###..###
####.#.#...#.#.#####.......).....
.....#.#.#.#.#.....#.....####.###
######.###.#.#####.##.##.# #.#
#.....#.......##.##.# #.#
#######.#######.....# #.###


There were no monsters in sight!

Vanquished Creatures
  the Royal Jelly (Slime:5)
  Dissolution (Slime:4)
  Mennas (Vaults:3)
  A juggernaut (Depths:5)
  3 orbs of fire (Zot:5)
  Mara (Vaults:5)
  8 ancient liches (Zot:5)
  Sojobo (Depths:4)
  Margery (Vaults:3)
  4 Killer Klowns
  4 curse toes
  Frederick (Depths:4)
  Nikola (Spider:4)
  Jory (Vaults:3)
  4 golden dragons
  4 bone dragons (Depths:5)
  Arachne (Spider:4)
  2 liches
  4 electric golems
  Jorgrun (Spider:2)
  22 tentacled monstrosities
  Rupert (D:15)
  26 Orb Guardians
  8 quicksilver dragons
  9 titans
  2 Executioners
  24 acid blobs
  Asterion (Spider:4)
  3 deep elf blademasters
  2 deep elf master archers (Elf:3)
  10 death cobs
  Agnes (Spider:1)
  Kirke (D:13)
  4 sphinxes
  5 tengu reavers
  Donald (Spider:2)
  15 storm dragons
  A draconian monk (Zot:3)
  8 shadow dragons
  9 azure jellies
  9 fire giants
  6 frost giants
  4 draconian knights
  16 vault wardens
  An iron dragon (Vaults:5)
  2 deep elf elementalists (Elf:3)
  4 deep elf sorcerers (Elf:3)
  Louise (Spider:1)
  An orc warlord (Vaults:4)
  9 ghost moths
  Aizul (Swamp:1)
  2 draconian shifters
  A ghoul (Vaults:5)
  15 ironheart preservers
  4 draconian scorchers
  5 draconian stormcallers
  25 stone giants
  10 emperor scorpions
  3 spriggan defenders
  A caustic shrike skeleton (Depths:2)
  2 vampire knights
  6 draconian annihilators
  22 very ugly things
  11 green draconians
  3 entropy weavers
  8 black draconians
  6 red draconians
  8 white draconians
  5 deep elf demonologists (Elf:3)
  9 purple draconians
  11 deep elf annihilators
  Azrael (Orc:2)
  7 yellow draconians
  A minotaur (Gauntlet)
  3 spark wasps
  7 deep elf death magi
  10 ettins
  2 green deaths (Swamp:4)
  A blizzard demon (D:3)
  Snorg (Lair:3)
  12 fire dragons
  12 death oozes
  A quicksilver dragon zombie (Depths:4)
  Erolcha (Orc:2)
  A crystal guardian (Vaults:4)
  Fannar (D:11)
  8 great orbs of eyes
  10 ice dragons
  14 yaktaur captains
  8 rakshasas
  The ghost of Xuta the Peltast, a journeyman FoFi of Okawaru (D:13)
  14 ogre magi
  A monstrous demonspawn (Depths:3)
  2 spriggan air magi (Depths:5)
  6 deep elf high priests
  35 vault guards
  A ghost crab (Swamp:1)
  14 hydras
  A quicksilver dragon skeleton (Depths:2)
  2 death knights
  A catoblepas (D:13)
  32 two-headed ogres
  14 alligators
  24 dancing weapons
  2 shambling mangroves
  11 centaur warriors
  4 deep troll earth magi
  7 deep troll shamans
  15 death yaks
  A titan zombie (Vaults:4)
  5 vampire magi
  A thrashing horror (Swamp:4)
  9 tengu warriors
  Sonja (Orc:2)
  6 orc high priests
  2 spriggan berserkers (Depths:5)
  13 deep elf knights
  41 skeletal warriors
  3 iron trolls (Depths:1)
  3 fire crabs (shapeshifter)
  A fire crab (Lair:5)
  A death drake (shapeshifter) (Vaults:4)
  10 hell knights
  3 storm dragon skeletons
  2 small abominations
  26 deep trolls
  10 unseen horrors
  3 sixfirhies
  7 wizards
  A gelid demonspawn (D:8)
  15 deep elf archers
  2 glowing orange brains
  9 swamp dragons
  An obsidian statue (Gauntlet)
  2 flayed ghosts
  2 orange crystal statues (Elf:3)
  8 harpies
  15 orc knights
  2 harpies (shapeshifter)
  5 phantasmal warriors
  15 ironbrand convokers
  13 necromancers
  18 orb spiders
  A sphinx skeleton (Depths:2)
  A lindwurm (Volcano)
  A tengu zombie (Depths:4)
  2 orc sorcerers
  A fire giant zombie (Vaults:4)
  An iron dragon skeleton (Depths:2)
  2 manticores
  2 salamanders (shapeshifter) (Vaults:2)
  21 wolf spiders
  48 deep elf magi
  A manticore (shapeshifter) (Depths:3)
  A human zombie (Vaults:4)
  9 cyclopes
  9 shining eyes
  A cyclops (shapeshifter) (Vaults:5)
  A shining eye (shapeshifter) (Vaults:2)
  2 fauns (shapeshifter)
  48 ugly things
  13 elephants
  3 salamanders (Depths:4)
  28 moths of wrath
  An eye of devastation (shapeshifter) (Vaults:5)
  2 fire giant skeletons (Depths:2)
  A frost giant skeleton (Depths:2)
  3 rust devils
  2 stone giant skeletons (Depths:2)
  15 vault sentinels
  3 torpor snails
  2 naga magi (D:15)
  3 eyes of devastation
  A guardian serpent (shapeshifter) (D:14)
  A smoke demon (Depths:3)
  An elephant (shapeshifter) (Depths:5)
  8 black mambas
  3 ice statues (IceCv)
  5 spectral swamp worms
  2 yaktaur zombies
  4 orange demons
  6 gargoyles
  A rime drake (shapeshifter) (D:14)
  12 spriggan skeletons
  40 yaktaurs
  19 spiny frogs
  5 komodo dragons
  A yaktaur (shapeshifter) (Depths:3)
  A komodo dragon (shapeshifter) (Vaults:1)
  3 hellions
  17 demonic crawlers
  4 rime drakes
  An efreet (D:13)
  A yaktaur skeleton (Vaults:3)
  An ice devil (Depths:5)
  A tormentor (Depths:5)
  5 freezing wraiths
  6 hellwings (Depths:4)
  A queen bee (Spider:4)
  5 tengu conjurers
  2 elf skeletons
  A jumping spider (shapeshifter) (Depths:1)
  7 meliai
  7 polar bears
  3 red devils (Depths:4)
  6 trolls
  A human skeleton (Vaults:3)
  7 tyrant leeches
  118 slime creatures
  A blink frog (shapeshifter) (Depths:5)
  15 blink frogs
  24 jumping spiders
  A raiju (Gauntlet)
  A wolf spider simulacrum (D:15)
  An iron dragon simulacrum (Depths:2)
  18 hornets
  11 hippogriffs
  10 dream sheep (Lair:6)
  Sigmund (D:2)
  8 bog bodies
  60 redbacks
  An ettin skeleton (Depths:2)
  3 vampires (Vaults:3)
  A fire giant simulacrum (Vaults:4)
  14 flying skulls (Depths:2)
  A centaur simulacrum (D:15)
  A spriggan (shapeshifter) (D:15)
  5 water elementals
  42 yaks
  6 wraiths
  A redback (shapeshifter) (Vaults:2)
  21 spriggans
  20 tarantellas
  A yak (shapeshifter) (Vaults:4)
  5 shadows
  2 humans (shapeshifter)
  3 wyverns
  4 fire elementals
  13 golden eyes
  3 fire bats (Volcano)
  A basilisk (D:15)
  3 hungry ghosts
  5 steam dragons
  15 vampire mosquitoes
  3 chaos spawn
  16 swamp worms
  10 insubstantial wisps
  A warg (Vaults:3)
  2 acid dragons (Vaults:1)
  5 large abominations
  16 water moccasins
  An acid dragon (shapeshifter) (Depths:4)
  2 soldier ants
  6 hell hounds
  43 orc warriors
  7 porcupines
  9 swamp drakes
  8 black bears
  A black bear (shapeshifter) (Vaults:4)
  A floating eye (Depths:3)
  8 ice beasts
  5 phantoms
  An ettin simulacrum (Depths:2)
  2 sky beasts
  4 eyes of draining
  23 wolves
  9 boggarts
  41 ogres
  26 centaurs
  3 big kobolds
  7 crocodiles
  2 elf zombies (Elf:1)
  18 bullfrogs
  A gnoll sergeant (D:4)
  2 human simulacra (Vaults:3)
  A glowing shapeshifter simulacrum (Vaults:3)
  A wyvern skeleton (D:14)
  5 scorpions
  25 killer bees
  4 wights (D:15)
  6 howler monkeys
  4 electric eels
  13 crimson imps
  12 centaur zombies
  2 quasits
  2 bullfrog zombies
  6 hounds
  5 jellies
  19 orc wizards
  25 orc priests
  11 centaur skeletons
  3 bullfrog skeletons
  An iron imp (Depths:2)
  6 iguanas
  Terence (D:2)
  10 worker ants
  2 ogre zombies (Ossuary)
  7 mummies (Ossuary)
  A howler monkey zombie (D:10)
  8 gnolls
  2 worker ant zombies
  12 adders
  7 shadow imps
  3 white imps
  3 ufetubi (Depths:3)
  3 adder zombies
  4 worms
  4 dart slugs
  6 leopard geckos
  86 orcs
  7 giant cockroaches
  A gnoll zombie (Ossuary)
  13 goblins
  5 hobgoblins (D:1)
  6 jackals
  3 quokkas
  11 bats
  3 frilled lizards
  3 goblin zombies (Ossuary)
  8 hobgoblin zombies (Ossuary)
  25 kobolds
  A kobold zombie (Ossuary)
  A leopard gecko skeleton (D:5)
  5 quokka zombies (Ossuary)
  6 rats
  5 rat zombies (Ossuary)
  2 crawling corpses (Elf:3)
2508 creatures vanquished.

Vanquished Creatures (others)
  Josephine (Swamp:1)
  A shadow wraith (Vaults:4)
  A deep elf mage (Vaults:4)
  A moth of wrath (Spider:4)
  A vault sentinel (Vaults:5)
  A demonic crawler (Spider:3)
  A bog body (Swamp:1)
  2 tarantellas (Spider:4)
  2 redbacks (Spider:4)
  A wraith (Vaults:1)
  An air elemental (Elf:3)
  3 humans (D:13)
  An iron imp (Depths:3)
  An iguana (D:14)
  An ufetubus (Depths:3)
  2 orcs (Orc:2)
  A quokka (D:9)
  3 bushes (Lair:6)
  11 fungi
  8 plants
  4 withered plants (Vaults:4)
48 creatures vanquished.

Grand Total: 2556 creatures vanquished

Notes
Turn   | Place    | Note
-------+----------+-------------------------------------------
     0 | D:1      | Froggeryz the Gargoyle Fighter began the quest for the Orb.
     0 | D:1      | Reached XP level 1. HP: 14/14 MP: 1/1
   102 | D:1      | Reached XP level 2. HP: 19/19 MP: 2/2
   504 | D:1      | Reached XP level 3. HP: 23/23 MP: 3/3
  1056 | D:2      | Reached XP level 4. HP: 26/28 MP: 4/4
  1557 | D:2      | Reached skill level 5 in Maces & Flails
  1774 | D:2      | Noticed Terence
  1782 | D:2      | Killed Terence
  1782 | D:2      | Reached XP level 5. HP: 28/32 MP: 5/5
  1842 | D:2      | Noticed Sigmund
  1859 | D:2      | Killed Sigmund
  1859 | D:2      | Reached XP level 6. HP: 30/37 MP: 6/6
  2679 | D:4      | Found a staircase to the Ecumenical Temple.
  2717 | Temple   | Entered the Ecumenical Temple
  2723 | Temple   | Reached XP level 7. HP: 41/41 MP: 7/7
  2771 | Temple   | Became a worshipper of Warmaster Okawaru
  3968 | D:5      | Entered Level 5 of the Dungeon
  4073 | D:5      | Reached * piety under Okawaru
  4104 | D:5      | Reached XP level 8. HP: 32/46 MP: 8/8
  4260 | D:5      | Found a radiant altar of Vehumet.
  4284 | D:5      | Found a sand-covered staircase.
  4294 | Ossuary  | Entered an ossuary
  4620 | Ossuary  | Reached skill level 10 in Maces & Flails
  5194 | D:6      | Found a radiant altar of Vehumet.
  5194 | D:6      | Found a hazy altar of Hepliaklqana.
  5195 | D:6      | Found a snail-covered altar of Cheibriados.
  5220 | D:6      | Reached ** piety under Okawaru
  5329 | D:6      | Reached XP level 9. HP: 22/51 MP: 9/9
  5720 | D:6      | Found a bloodstained altar of Trog.
  6249 | D:7      | Found Gupp's Antique Armour Emporium.
  6442 | D:7      | Reached *** piety under Okawaru
  6852 | D:7      | Found a runed translucent door.
  6856 | D:7      | Found a shimmering altar of Xom.
  6856 | D:7      | Noticed Norian's ghost (novice DECj)
  6857 | D:7      | Noticed a +2 hand axe of chaos
  7344 | D:8      | Paralysed by fainting for 10 turns
  7355 | D:8      | Paralysed by fainting for 11 turns
  7368 | D:8      | Paralysed by fainting for 7 turns
  7991 | D:8      | Reached **** piety under Okawaru
  8250 | D:8      | Reached XP level 10. HP: 42/56 MP: 10/10
  8507 | D:9      | Reached skill level 5 in Fighting
  8517 | D:9      | Reached ***** piety under Okawaru
  8841 | D:9      | Found a white marble altar of Elyvilon.
  8917 | D:9      | Found a hazy altar of Hepliaklqana.
  9288 | D:10     | Entered Level 10 of the Dungeon
  9391 | D:10     | Noticed Maurice
  9397 | D:10     | Noticed Maurice
  9397 | D:10     | Maurice changed into Maurice the golden eye
  9505 | D:10     | Killed Maurice the golden eye
  9712 | D:10     | Received a gift from Okawaru
 10272 | D:11     | Noticed Fannar
 10275 | D:11     | Noticed a cyclops
 10304 | D:11     | Killed a cyclops
 10304 | D:11     | Reached XP level 11. HP: 63/66 MP: 11/11
 10322 | D:11     | Killed Fannar
 10322 | D:11     | Reached skill level 15 in Maces & Flails
 10453 | D:11     | Noticed a two-headed ogre
 10616 | D:11     | Noticed FishyPogo's ghost (journeyman GrBe)
 10632 | D:11     | Noticed a manticore
 10818 | D:11     | Killed a two-headed ogre
 10860 | D:11     | Killed a manticore
 10860 | D:11     | Reached ****** piety under Okawaru
 11064 | D:11     | Found a transporter.
 11096 | D:11     | Found a transporter.
 11299 | D:11     | Found a staircase to the Lair.
 11394 | D:11     | Noticed a two-headed ogre
 11414 | D:11     | Killed a two-headed ogre
 11414 | D:11     | Received a gift from Okawaru
 11746 | D:12     | Noticed a two-headed ogre
 11811 | Lair:1   | Entered Level 1 of the Lair of Beasts
 12538 | Lair:1   | Noticed a fire dragon
 12539 | Lair:1   | Gained mutation: Your magical capacity is low. (-10% MP)
                  | [potion of mutation]
 12539 | Lair:1   | Gained mutation: You are agile. (Dex +2) [potion of
                  | mutation]
 12556 | Lair:1   | Killed a fire dragon
 12853 | Lair:2   | Reached XP level 12. HP: 49/76 MP: 10/10
 13452 | Lair:3   | Received a gift from Okawaru
 13553 | Lair:3   | Reached skill level 5 in Armour
 13635 | Lair:3   | Noticed Snorg
 13657 | Lair:3   | Killed Snorg
 13772 | Lair:3   | Noticed a six-headed hydra
 13797 | Lair:3   | Killed a six-headed hydra
 14027 | Lair:3   | Reached skill level 10 in Fighting
 14556 | Lair:3   | Found a staircase to the Swamp.
 14974 | Lair:4   | Noticed a death yak
 14975 | Lair:4   | Noticed a death yak
 14975 | Lair:4   | Noticed a death yak
 14976 | Lair:4   | Noticed a death yak
 15090 | Lair:3   | Killed a death yak
 15143 | Lair:4   | Killed a death yak
 15193 | Lair:4   | Found a hole to the Spider Nest.
 15226 | Lair:4   | Noticed an eight-headed hydra
 15248 | Lair:4   | Killed an eight-headed hydra
 15248 | Lair:4   | Received a gift from Okawaru
 15248 | Lair:4   | Reached XP level 13. HP: 19/83 MP: 11/11
 16169 | Lair:4   | Found a runed translucent gate.
 16169 | Lair:4   | Found a runed translucent gate.
 16169 | Lair:4   | Found a runed translucent gate.
 16174 | Lair:4   | Noticed Murgh's ghost (journeyman MiBe)
 16477 | Lair:5   | Received a gift from Okawaru
 17549 | Lair:6   | Entered Level 6 of the Lair of Beasts
 17724 | Lair:6   | Found a dark tunnel.
 17734 | Volcano  | Entered a volcano
 17831 | Volcano  | Noticed a fire dragon
 17853 | Volcano  | Killed a fire dragon
 17853 | Volcano  | Gained mutation: Your large and strong wings let you fly
                  | indefinitely. [Gargoyle growth]
 17853 | Volcano  | Reached XP level 14. HP: 46/91 MP: 10/12
 18082 | Lair:5   | Received a gift from Okawaru
 18085 | Lair:5   | Got a polished rapier {god gift}
 18163 | Lair:5   | Identified the +3 rapier "Luffo" {pain, rC+ Int+5} (Okawaru
                  | gifted it to you on level 5 of the Lair of Beasts)
 18776 | Lair:6   | Reached skill level 10 in Armour
 19075 | Lair:6   | Reached skill level 4 in Shields
 19269 | Lair:6   | Reached skill level 5 in Shields
 19494 | Lair:6   | Reached skill level 6 in Shields
 19783 | Lair:6   | Received a gift from Okawaru
 19784 | Lair:6   | Found the +3 pair of gauntlets of War {Slay+5}
 19836 | Lair:6   | Reached skill level 7 in Shields
 19907 | Lair:6   | Found a staircase to the Slime Pits.
 20087 | Lair:6   | Reached skill level 8 in Shields
 20318 | Lair:6   | Reached XP level 15. HP: 31/99 MP: 13/13
 20634 | D:12     | You fall into a shaft and drop 1 floor!
 20642 | D:13     | Found Uhoff's Magic Scroll Boutique.
 20650 | D:13     | Noticed Kirke
 20666 | D:13     | Reached skill level 9 in Shields
 20675 | D:13     | Killed Kirke
 20774 | D:13     | Received a gift from Okawaru
 20813 | D:13     | Reached skill level 10 in Shields
 20850 | D:13     | Found a frozen archway.
 20856 | IceCv    | Entered an ice cave
 21344 | D:13     | Found Isang's Jewellery Boutique.
 21361 | D:13     | Found a runed translucent gate.
 21362 | D:13     | Found a runed translucent gate.
 21362 | D:13     | Found an opulent altar of Gozag.
 21363 | D:13     | Found a runed translucent gate.
 21411 | D:13     | Noticed Xuta's ghost (journeyman FoFi)
 21419 | D:13     | Found Kigab Hul's Assorted Antiques.
 21419 | D:13     | Found Xygir's Assorted Antiques.
 21444 | D:13     | Killed Xuta's ghost
 21495 | D:13     | Found Watem's Jewellery Shoppe.
 21498 | D:13     | Found Gobeukh's Book Boutique.
 21630 | D:13     | Reached skill level 11 in Shields
 21705 | D:13     | Received a gift from Okawaru
 21835 | D:13     | Received a gift from Okawaru
 21940 | D:13     | Found Uniyd's Magic Scroll Boutique.
 21943 | D:13     | Bought a scroll of blinking for 97 gold pieces
 21983 | D:13     | Found a stormy altar of Qazlal.
 22039 | D:13     | Identified the Volume of Unstable Good Luck
 22152 | D:14     | Reached skill level 12 in Shields
 22234 | D:14     | Received a gift from Okawaru
 22260 | D:14     | Found a gate to the Vaults.
 22266 | D:14     | Got a slimy flail {god gift}
 22267 | D:14     | Identified the +5 flail of Growth {crush, rN+} (Okawaru
                  | gifted it to you on level 14 of the Dungeon)
 22640 | D:14     | Reached XP level 16. HP: 99/107 MP: 12/14
 22910 | D:14     | Reached skill level 13 in Shields
 23028 | D:14     | Received a gift from Okawaru
 23078 | D:14     | Noticed a tengu reaver
 23108 | D:14     | Reached skill level 15 in Fighting
 23118 | D:14     | Killed a tengu reaver
 23994 | D:15     | Entered Level 15 of the Dungeon
 24123 | D:15     | Reached skill level 14 in Shields
 24159 | D:15     | Found a staircase to the Depths.
 24368 | D:15     | Found a gate leading to a gauntlet.
 24377 | Gauntlet | Entered a Gauntlet
 24377 | Gauntlet | Found a transporter.
 24381 | Gauntlet | Found a transporter.
 24382 | Gauntlet | Found a transporter.
 24398 | Gauntlet | Found a transporter.
 24402 | Gauntlet | Found a runed translucent door.
 24405 | Gauntlet | Found a runed translucent door.
 24405 | Gauntlet | Found a transporter.
 24408 | Gauntlet | Found a transporter.
 24424 | Gauntlet | Found a transporter.
 24434 | Gauntlet | Found a transporter.
 24444 | Gauntlet | Found a transporter.
 24462 | Gauntlet | Found a transporter.
 24476 | Gauntlet | Found a transporter.
 24476 | Gauntlet | Found a transporter.
 24566 | Gauntlet | Found a transporter.
 24605 | Gauntlet | Got a fine helmet
 24606 | Gauntlet | Identified the cursed +0 helmet "Runae" {-Tele rElec MR+}
                  | (You found it in a Gauntlet)
 24680 | D:15     | Received a gift from Okawaru
 24873 | D:15     | Noticed Rupert
 24888 | D:15     | Killed Rupert
 25492 | D:12     | Found a staircase to the Orcish Mines.
 25759 | D:12     | Found Fosched's Weapon Shoppe.
 26235 | Orc:1    | Entered Level 1 of the Orcish Mines
 26724 | Orc:2    | Entered Level 2 of the Orcish Mines
 26724 | Orc:2    | Noticed Azrael
 26938 | Orc:2    | Noticed Erolcha
 27007 | Orc:2    | Killed Azrael
 27007 | Orc:2    | Reached skill level 15 in Shields
 27012 | Orc:2    | Killed Erolcha
 27034 | Orc:2    | Found a staircase to the Elven Halls.
 27206 | Orc:2    | Found a roughly hewn altar of Beogh.
 27256 | Orc:2    | Noticed Sonja
 27273 | Orc:2    | Killed Sonja
 27282 | Orc:2    | Found Pigaridd's Antique Weapon Shoppe.
 27590 | Orc:2    | Received a gift from Okawaru
 28013 | Orc:2    | Reached XP level 17. HP: 63/115 MP: 15/15
 28123 | Orc:2    | Found Hueqon's Weapon Emporium.
 28125 | Orc:2    | Found Zuiryl's Weapon Emporium.
 28125 | Orc:2    | Found Tytifona's General Store.
 28126 | Orc:2    | Found Omul's Weapon Emporium.
 28139 | Orc:2    | Bought the +6 morningstar of Vefrab {freeze, Str+2 Int+5}
                  | for 647 gold pieces
 28575 | Swamp:1  | Entered Level 1 of the Swamp
 28581 | Swamp:1  | Noticed Aizul
 28598 | Swamp:1  | Killed Aizul
 28797 | Swamp:1  | Reached skill level 16 in Shields
 28803 | Swamp:1  | Noticed Josephine
 28837 | Swamp:1  | Killed Josephine
 29679 | Swamp:2  | Received a gift from Okawaru
 29703 | Swamp:2  | Found a hazy altar of Hepliaklqana.
 30184 | Swamp:3  | Reached skill level 1 in Invocations
 30278 | Swamp:3  | Reached skill level 1 in Evocations
 30744 | Swamp:3  | Received a gift from Okawaru
 30983 | Swamp:4  | Entered Level 4 of the Swamp
 31099 | Swamp:4  | Reached skill level 17 in Shields
 31599 | Swamp:4  | Noticed a tentacled monstrosity
 31609 | Swamp:4  | Killed a tentacled monstrosity
 31609 | Swamp:4  | Reached skill level 5 in Invocations
 31620 | Swamp:4  | Reached XP level 18. HP: 106/122 MP: 19/19
 31727 | Swamp:4  | Got a decaying rune of Zot
 32151 | Spider:1 | Entered Level 1 of the Spider Nest
 32183 | Spider:1 | Noticed Louise
 32201 | Spider:1 | Killed Louise
 32201 | Spider:1 | Reached skill level 5 in Evocations
 32206 | Spider:1 | Received a gift from Okawaru
 32266 | Spider:1 | Noticed Agnes
 32278 | Spider:1 | Killed Agnes
 33680 | Spider:2 | Noticed Jorgrun
 33697 | Spider:2 | Killed Jorgrun
 33918 | Spider:2 | Noticed Donald
 33949 | Spider:2 | Killed Donald
 34256 | Spider:2 | Learned a level 2 spell: Blink
 34980 | Spider:4 | Entered Level 4 of the Spider Nest
 35145 | Spider:4 | Received a gift from Okawaru
 35148 | Spider:4 | Got a dazzling morningstar {god gift}
 35159 | Spider:4 | Identified the +9 morningstar "Ynaotef" {protect, rN+}
                  | (Okawaru gifted it to you on level 4 of the Spider Nest)
 35306 | Spider:4 | Noticed Nikola
 35309 | Spider:4 | Noticed Arachne
 35323 | Spider:4 | Killed Arachne
 35323 | Spider:4 | Reached XP level 19. HP: 127/128 MP: 23/23
 35346 | Spider:4 | Killed Nikola
 35416 | Spider:4 | Received a gift from Okawaru
 35689 | Spider:4 | Reached skill level 10 in Invocations
 35854 | Spider:4 | Got a gossamer rune of Zot
 35902 | Spider:4 | Received a gift from Okawaru
 36123 | Spider:4 | Noticed Asterion
 36133 | Spider:4 | Killed Asterion
 36133 | Spider:4 | Reached skill level 18 in Shields
 36451 | Vaults:1 | Entered Level 1 of the Vaults
 36939 | Vaults:1 | Received a gift from Okawaru
 37056 | Vaults:1 | Reached skill level 10 in Evocations
 37274 | Vaults:1 | Found a shimmering altar of Xom.
 37275 | Vaults:1 | Found a runed translucent door.
 37275 | Vaults:1 | Noticed theMacoje's ghost (adept OgEn)
 37353 | Vaults:1 | Reached XP level 20. HP: 80/136 MP: 25/25
 37361 | Vaults:1 | Received a gift from Okawaru
 38625 | Vaults:2 | Received a gift from Okawaru
 38638 | Vaults:2 | Got a dazzling demon whip {god gift}
 38639 | Vaults:2 | Identified the +8 demon whip "Gapela" {venom, rPois rN+
                  | Int+2 Dex-3} (Okawaru gifted it to you on level 2 of the
                  | Vaults)
 38910 | Vaults:2 | Reached skill level 19 in Shields
 39426 | Vaults:3 | Noticed Jory
 39640 | Vaults:3 | Killed Jory
 39809 | Vaults:3 | Noticed Margery
 39833 | Vaults:3 | Killed Margery
 39844 | Vaults:3 | Received a gift from Okawaru
 40213 | Vaults:3 | Identified a scroll of acquirement
 40540 | Vaults:3 | Found a staircase to the Crypt.
 40654 | Vaults:3 | Reached XP level 21. HP: 144/144 MP: 26/26
 40783 | Vaults:3 | Received a gift from Okawaru
 40876 | Vaults:3 | Noticed Mennas
 40900 | Vaults:3 | Killed Mennas
 41578 | Vaults:4 | Found a runed translucent gate.
 41578 | Vaults:4 | Found a runed translucent gate.
 41589 | Vaults:4 | Found a runed translucent gate.
 41717 | Vaults:4 | Reached skill level 20 in Shields
 41731 | Vaults:4 | Received a gift from Okawaru
 41875 | Vaults:4 | Noticed Yjimoseergh's ghost (adept SpFE)
 41875 | Vaults:4 | Noticed Marixus's ghost (adept HOFi)
 41875 | Vaults:4 | Noticed Adoajy's ghost (adept DsWr)
 42698 | Vaults:5 | Entered Level 5 of the Vaults
 42721 | Vaults:4 | Reached XP level 22. HP: 100/149 MP: 22/26
 43225 | Vaults:4 | Reached skill level 21 in Shields
 43241 | Vaults:4 | Reached skill level 15 in Armour
 43353 | Vaults:4 | Received a gift from Okawaru
 44520 | Vaults:5 | Found Kaudet's Magic Scroll Emporium.
 44536 | Vaults:5 | Received a gift from Okawaru
 44657 | Vaults:5 | Bought a scroll of noise for 13 gold pieces
 44674 | Vaults:5 | Found Jamanikh's Magic Scroll Boutique.
 44689 | Vaults:5 | Bought a scroll of blinking for 172 gold pieces
 44689 | Vaults:5 | Bought a scroll of blinking for 172 gold pieces
 44757 | Vaults:5 | Identified the +3 ring mail "Qoavut" {Int+4}
 44794 | Vaults:5 | Found the +7 Spriggan's Knife {stab, EV+4 Stlth+}
 44812 | Vaults:5 | Identified Sif Muna's Compendium of Bewitchment and the
                  | Escort
 44815 | Vaults:5 | Got a silver rune of Zot
 44970 | Vaults:5 | Reached XP level 23. HP: 122/155 MP: 27/27
 44977 | Vaults:5 | Reached skill level 22 in Shields
 45095 | Vaults:5 | Found Plog's Magic Scroll Shop.
 45095 | Vaults:5 | Found Erchuxti's Food Shoppe.
 45113 | Vaults:5 | Found Suilohosh's Distillery.
 45113 | Vaults:5 | Found Rijihe's Magic Scroll Shop.
 45152 | Vaults:5 | Found Bagakkaf's Food Shoppe.
 45171 | Vaults:5 | Found Diaph's Distillery.
 45181 | Vaults:5 | Noticed Mara
 45263 | Vaults:5 | Noticed Froggeryz's illusion
 45273 | Vaults:5 | Killed Mara
 45273 | Vaults:5 | Received a gift from Okawaru
 45999 | Depths:1 | Entered Level 1 of the Depths
 46365 | Depths:1 | Received a gift from Okawaru
 46638 | Depths:1 | Found a gateway to Hell.
 46670 | Depths:1 | Found a one-way gate to the infinite horrors of the Abyss.
 47031 | Depths:2 | Reached skill level 23 in Shields
 47102 | Depths:2 | Got a pair of crude gloves
 47103 | Depths:2 | Identified the +4 pair of gloves of Submission {rC+} (You
                  | found it on level 2 of the Depths)
 47395 | Depths:2 | Received a gift from Okawaru
 47403 | Depths:2 | Got a pair of encrusted boots {god gift}
 47404 | Depths:2 | Identified the +0 pair of boots of the Thoughtful Gods
                  | {-Cast Str+10 Slay+3} (Okawaru gifted it to you on level 2
                  | of the Depths)
 47553 | Depths:2 | Got a clouded brass ring
 47593 | Depths:2 | Reached XP level 24. HP: 147/160 MP: 27/27
 48132 | Depths:2 | Reached skill level 24 in Shields
 48365 | Depths:2 | Found a one-way gate leading to the halls of Pandemonium.
 48500 | Depths:3 | Identified the ring of the Scavenger {*Corrode rElec rPois
                  | MR+ Int+6} (You found it on level 2 of the Depths)
 48567 | Depths:3 | Received a gift from Okawaru
 48622 | Depths:3 | Found a gateway to a ziggurat.
 48625 | Depths:3 | Paralysed by a floating eye for 4 turns
 48637 | Depths:3 | Paralysed by a floating eye for 4 turns
 48651 | Depths:3 | Gained mutation: You are occasionally teleported next to
                  | monsters. [a shining eye]
 48772 | Depths:3 | Lost mutation: Your magical capacity is low. (-10% MP)
                  | [potion of mutation]
 48772 | Depths:3 | Lost mutation: You are agile. (Dex +2) [potion of mutation]
 48772 | Depths:3 | Lost mutation: You are occasionally teleported next to
                  | monsters. [potion of mutation]
 48772 | Depths:3 | Gained mutation: Your mind is acute. (Int +2) [potion of
                  | mutation]
 48772 | Depths:3 | Gained mutation: Scrolls take you a little longer to read.
                  | [potion of mutation]
 48772 | Depths:3 | Gained mutation: You are covered in fur. (AC +1) [potion of
                  | mutation]
 48773 | Depths:3 | Lost mutation: You are covered in fur. (AC +1) [potion of
                  | mutation]
 48773 | Depths:3 | Lost mutation: Your mind is acute. (Int +2) [potion of
                  | mutation]
 48773 | Depths:3 | Lost mutation: Scrolls take you a little longer to read.
                  | [potion of mutation]
 48773 | Depths:3 | Gained mutation: You evolve. [potion of mutation]
 48773 | Depths:3 | Gained mutation: Your mind is acute. (Int +2) [potion of
                  | mutation]
 48773 | Depths:3 | Gained mutation: You are agile. (Dex +2) [potion of
                  | mutation]
 48773 | Depths:3 | Gained mutation: You are resistant to hostile enchantments.
                  | (MR+) [potion of mutation]
 48906 | Depths:3 | Gained mutation: You are covered in fur. (AC +1)
                  | [evolution]
 49059 | Depths:3 | Reached skill level 25 in Shields
 49607 | Depths:4 | Noticed Frederick
 49610 | Depths:4 | Noticed Sojobo
 49623 | Depths:4 | Killed Frederick
 49635 | Depths:4 | Killed Sojobo
 49635 | Depths:4 | Received a gift from Okawaru
 50074 | Depths:4 | Reached skill level 26 in Shields
 50143 | Depths:4 | Reached XP level 25. HP: 165/165 MP: 30/30
 50313 | Depths:5 | Entered Level 5 of the Depths
 50385 | Depths:5 | Received a gift from Okawaru
 50640 | Depths:5 | Found a gate to the Realm of Zot.
 51038 | Depths:5 | Noticed a juggernaut
 51050 | Depths:5 | Killed a juggernaut
 51102 | Depths:5 | Received a gift from Okawaru
 51125 | Depths:5 | Reached skill level 27 in Shields
 51133 | Depths:5 | Reached skill level 1 in Translocations
 51148 | Depths:5 | Got a faintly humming plate armour
 51149 | Depths:5 | Identified the cursed +0 plate armour "Feciufor" {*Slow
                  | rPois rF++} (You found it on level 5 of the Depths)
 51186 | Depths:5 | Reached skill level 1 in Spellcasting
 51286 | Depths:5 | Found Anirein's Food Shop.
 51636 | Depths:5 | Found a sparkling altar of Nemelex Xobeh.
 51741 | Zot:1    | Entered Level 1 of the Realm of Zot
 52235 | Zot:1    | Reached skill level 5 in Translocations
 52250 | Zot:1    | Received a gift from Okawaru
 53285 | Zot:2    | Reached XP level 26. HP: 139/172 MP: 30/30
 53964 | Zot:3    | Noticed a Killer Klown
 54147 | Zot:2    | Killed a Killer Klown
 55160 | Zot:3    | Received a gift from Okawaru
 55161 | Zot:3    | Got a polished crystal plate armour {god gift}
 55162 | Zot:3    | Identified the +10 crystal plate armour of Plasticity
                  | {Dex+5 Slay+2} (Okawaru gifted it to you on level 3 of the
                  | Realm of Zot)
 55828 | Zot:4    | Reached skill level 10 in Translocations
 56231 | Zot:5    | Entered Level 5 of the Realm of Zot
 56429 | Zot:5    | Received a gift from Okawaru
 56580 | Zot:5    | Reached XP level 27. HP: 174/180 MP: 30/30
 56871 | Zot:5    | Received a gift from Okawaru
 57014 | Zot:5    | Noticed an ancient lich
 57017 | Zot:5    | Noticed an orb of fire
 57025 | Zot:5    | Gained mutation: Your magical capacity is low. (-10% MP)
                  | [an orb of fire]
 57028 | Zot:5    | Killed an orb of fire
 57035 | Zot:5    | Killed an ancient lich
 57072 | Zot:5    | Noticed an ancient lich
 57073 | Zot:5    | Noticed an ancient lich
 57075 | Zot:5    | Noticed an ancient lich
 57097 | Zot:5    | Killed an ancient lich
 57103 | Zot:5    | Killed an ancient lich
 57103 | Zot:5    | Received a gift from Okawaru
 57108 | Zot:5    | Killed an ancient lich
 57302 | Zot:5    | Noticed an ancient lich
 57323 | Zot:5    | Killed an ancient lich
 57332 | Zot:5    | Noticed an ancient lich
 57334 | Zot:5    | Noticed an orb of fire
 57363 | Zot:5    | Killed an orb of fire
 57370 | Zot:5    | Killed an ancient lich
 57383 | Zot:5    | Received a gift from Okawaru
 57765 | Zot:5    | Noticed an ancient lich
 57865 | Zot:5    | Killed an ancient lich
 58118 | Zot:5    | Received a gift from Okawaru
 58136 | Zot:5    | Noticed an orb of fire
 58145 | Zot:5    | Killed an orb of fire
 58252 | Zot:5    | Noticed an ancient lich
 58259 | Zot:5    | Killed an ancient lich
 59111 | Elf:1    | Entered Level 1 of the Elven Halls
 59139 | Elf:1    | Gained mutation: You possess an exceptional clarity of
                  | mind. [evolution]
 59291 | Elf:1    | Reached skill level 15 in Translocations
 59329 | Elf:1    | Identified the Collected Works on Black Arts
 60035 | Elf:2    | Found a runed translucent gate.
 60035 | Elf:2    | Found a runed translucent gate.
 60039 | Elf:2    | Found a runed translucent gate.
 60587 | Elf:3    | Entered Level 3 of the Elven Halls
 60587 | Elf:3    | Found Kaomecyn's Food Emporium.
 60653 | Elf:3    | Received a gift from Okawaru
 60807 | Elf:3    | Identified the +9 great mace of Fear {freeze, rElec rF+
                  | Int+4}
 60953 | Elf:3    | Got a pair of polished gloves {god gift}
 60954 | Elf:3    | Identified the +2 pair of gloves of Starshine {-Tele rPois
                  | MR+ Stlth+} (Okawaru gifted it to you on level 3 of the
                  | Elven Halls)
 60979 | Elf:3    | Identified the +5 quarterstaff of Deus {crush, rF+ Int+2
                  | Dex+4}
 61078 | Elf:3    | Identified the +5 long sword of the Secret Lies {venom,
                  | *Noise rC+ Dex+3 Stlth+}
 61297 | Elf:3    | Found Kimm's General Store.
 61458 | Elf:3    | Found Yfiuk's Book Shop.
 61468 | Elf:3    | Learned a level 3 spell: Lesser Beckoning
 61522 | Elf:3    | Reached skill level 1 in Dodging
 61681 | Elf:3    | Found Peqaij's Food Shoppe.
 61922 | Elf:3    | Found an ancient bone altar of Kikubaaqudgha.
 62374 | Slime:1  | Entered Level 1 of the Pits of Slime
 62418 | Slime:1  | Received a gift from Okawaru
 62643 | Slime:2  | Gained mutation: You are weak. (Str -2) [a shining eye]
 62652 | Slime:3  | Gained mutation: You do not regenerate when monsters are
                  | visible. [a shining eye]
 62724 | Slime:3  | Lost mutation: Your magical capacity is low. (-10% MP)
                  | [potion of mutation]
 62724 | Slime:3  | Lost mutation: You are weak. (Str -2) [potion of mutation]
 62724 | Slime:3  | Lost mutation: You are agile. (Dex +2) [potion of mutation]
 62724 | Slime:3  | Gained mutation: You are clumsy. (Dex -2) [potion of
                  | mutation]
 62724 | Slime:3  | Gained mutation: You passively map a small area around you.
                  | [potion of mutation]
 62725 | Slime:3  | Lost mutation: Your mind is acute. (Int +2) [potion of
                  | mutation]
 62725 | Slime:3  | Lost mutation: You possess an exceptional clarity of mind.
                  | [potion of mutation]
 62725 | Slime:3  | Gained mutation: You passively map the area around you.
                  | [potion of mutation]
 62725 | Slime:3  | Gained mutation: Your flesh is cold resistant. (rC+)
                  | [potion of mutation]
 62726 | Slime:3  | Lost mutation: You evolve. [potion of mutation]
 62726 | Slime:3  | Gained mutation: You have a pair of small horns on your
                  | head. [potion of mutation]
 62726 | Slime:3  | Gained mutation: You are highly resistant to hostile
                  | enchantments. (MR++) [potion of mutation]
 62726 | Slime:3  | Gained mutation: Your spells are a little harder to cast,
                  | but a little more powerful. [potion of mutation]
 62726 | Slime:3  | Gained mutation: You are partially covered in rugged brown
                  | scales. (AC +1, +3% HP) [potion of mutation]
 62727 | Slime:3  | Lost mutation: Your spells are a little harder to cast, but
                  | a little more powerful. [potion of mutation]
 62727 | Slime:3  | Lost mutation: You are highly resistant to hostile
                  | enchantments. (MR++) [potion of mutation]
 62727 | Slime:3  | Lost mutation: You are covered in fur. (AC +1) [potion of
                  | mutation]
 62727 | Slime:3  | Lost mutation: You are clumsy. (Dex -2) [potion of
                  | mutation]
 62727 | Slime:3  | Gained mutation: You are agile. (Dex +2) [potion of
                  | mutation]
 62727 | Slime:3  | Gained mutation: You have a pair of horns on your head.
                  | [potion of mutation]
 62727 | Slime:3  | Gained mutation: You have an increased reservoir of magic.
                  | (+10% MP) [potion of mutation]
 62787 | Slime:4  | Noticed Dissolution
 62795 | Slime:4  | Killed Dissolution
 62882 | Slime:4  | Reached skill level 5 in Dodging
 62931 | Slime:5  | Entered Level 5 of the Pits of Slime
 63142 | Slime:5  | Noticed the Royal Jelly
 63235 | Slime:5  | Killed the Royal Jelly
 63301 | Slime:3  | Received a gift from Okawaru
 63905 | Slime:5  | Lost mutation: You have an increased reservoir of magic.
                  | (+10% MP) [a shining eye]
 64032 | Slime:5  | Got a slimy rune of Zot
 64054 | Slime:5  | Found the +8 orange crystal plate armour {Archmagi, Int+3
                  | Clar}
 64067 | Slime:5  | Identified the Incunabulum of Companions
 64087 | Slime:5  | Found the +4 robe of Augmentation {Str+4 Int+4 Dex+4}
 64161 | Slime:5  | Got a twisted shortbow
 64163 | Slime:5  | Got a twisted rapier
 64185 | Slime:5  | Got a translucent morningstar
 64210 | Slime:5  | Identified the +4 shortbow "Suoq" {flame, rC++ Str-4 Int+3}
                  | (You found it on level 5 of the Pits of Slime)
 64211 | Slime:5  | Identified the +8 rapier of Waget {pierce, MR++ Int-5
                  | Dex+6} (You found it on level 5 of the Pits of Slime)
 64212 | Slime:5  | Identified the cursed +3 morningstar "Ruqekhlau" {speed,
                  | rPois rC- Str+5 Dex+2} (You found it on level 5 of the Pits
                  | of Slime)
 65002 | Zot:5    | Got the Orb of Zot
 65285 | Depths:1 | Noticed Fatwuyk the pandemonium lord
 65457 | D:10     | Noticed Saddid the pandemonium lord
 65706 | D:$      | Escaped with the Orb!

Levels and vault maps discovered:
D:1:      matt_arrival_spirals, layout_loops_ring
D:2:      layout_loops_cross, uniq_sigmund, uniq_terence
D:3:      layout_basic, first_ration
D:4:      layout_loops_cross, minmay_temple_entry_arrows,
          minmay_misc_feat_ornament, minivault_26, lightli_minifort
D:5:      layout_basic, enter_ossuary_5, basic_altar, kennysheep_generic_room_10
D:6:      layout_loops_cross, chequers_temple_overflow_statue_of_worship,
          basic_altar, minmay_misc_feat_iff
D:7:      layout_basic, serial_shops, nicolae_shop_competitors_out_of_business,
          ebering_ghost_xom, the_bakery
D:8:      layout_loops_corners
D:9:      layout_loops_ring, elyvilon_altar_4, basic_altar
D:10:     layout_irregular_city, serial_bayou_pond_e, uniq_maurice
D:11:     layout_layer_cave, lair_entry_dummy, gammafunk_ghost_hive, uniq_fannar
D:12:     layout_cave_pods, orc_david_3, serial_shops, shop
D:13:     layout_rooms, basic_altar, ebering_ghost_gozag, portal_ice_cave_rime,
          serial_shops, kennysheep_mini_moat, shop_fountains, shop,
          nicolae_shop_window_shopping, shop, drop_trap, minmay_pinched_square,
          uniq_kirke
D:14:     kennysheep_snake, layout_irregular_city,
          skrybe_vaults_entry_preservation, serial_rivers,
          chequers_serial_rivers_small_3, chequers_serial_rivers_room_b,
          chequers_serial_rivers_micro_b, chequers_serial_rivers_micro_a,
          chequers_serial_rivers_large_a, chequers_serial_rivers_small_b
D:15:     grunt_enter_depths_magical_seal, layout_long_grid,
          gauntlet_entry_generic, minmay_misc_feat_square, uniq_rupert
Temple:   dpeg_five_rooms_temple
Lair:1:   dragon1_lemuel, layout_misc_corridors, nicolae_quartered_pool_super
Lair:2:   layout_misc_corridors, serial_bayou_shore_a
Lair:3:   layout_loops_ring, nicolae_swamp_entry_splash_gauntlet, st_stairs_11,
          uniq_snorg
Lair:4:   layout_long_grid, spider_nest_entry_rubble, gammafunk_ghost_necromancy
Lair:5:   layout_small_grid, minmay_stone_trees_small, grunt_megastairs_2
Lair:6:   minmay_lair_end_enchanted_forest, layout_regular_city,
          minmay_slime_entry_pillars, nicolae_volcano_entry_two_sided,
          minmay_lair_oklob_chamber, infiniplex_staircase_pool
Swamp:1:  layout_falls_marsh, evilmike_swamp_ruin_house_2, swamp_pool5,
          grunt_lady_of_the_lake, uniq_josephine, uniq_aizul
Swamp:2:  layout_basic_swamp, lemuel_altar_in_water, swamp_pool2
Swamp:3:  layout_basic_swamp, evilmike_swamp_ruin_wall
Swamp:4:  swamp_vile, layout_basic_swamp
Spider:1: layout_chambers, uniq_agnes, uniq_louise
Spider:2: layout_spider_delve, drop_trap, uniq_jorgrun, uniq_donald
Spider:3: layout_spider_delve, nicolae_crawler_farm
Spider:4: grunt_spider_rune_circles, special_room [special_room_bee], drop_trap,
          uniq_asterion, uniq_nikola, uniq_arachne
Slime:1:  layout_caves
Slime:2:  layout_caves
Slime:3:  layout_caves
Slime:4:  layout_caves, dissolution_awaits
Slime:5
Orc:1:    layout_caves
Orc:2:    st_orc_pillars, layout_caves, serial_shops, shop, lemuel_statue_altar,
          uniq_azrael, uniq_erolcha, uniq_sonja
Elf:1:    eino_elf_arrival_sip, layout_gridlike, minmay_elf_necromancy,
          lemuel_flamethrower_1
Elf:2:    layout_geoelf_grid
Elf:3:    grunt_elf_hall_spiral, layout_loops_corners, serial_shops, shop,
          nicolae_shop_stone, shop, shop_fountains, basic_altar, minivault_16,
          drop_trap, minivault_15
Vaults:1: ebering_vaults_ghost_xom, v_misc_17, v_misc_5,
          nicolae_vaults_network_star, grunt_vaults_hallway_short,
          vaults_room_pools, v_rooms_2, hangedman_vaults_corner,
          nicolae_vaults_specimen_jars, vaults_room_fours, grunt_vaults_focal,
          hangedman_vaults_corner_blocks, ontoclasm_vaults_ring_small,
          vaults_room_grunt_arrival_ludios, layout_vaults_maze_snakey
Vaults:2: v_pattern_5, vaults_room_ringed_pool, hangedman_vaults_variations,
          dpeg_vaults_waves, hangedman_vaults_impose, layout_vaults_omnigrid
Vaults:3: nicolae_vaults_big_ls, ontoclasm_vaults_shuriken,
          hangedman_vaults_maws, minmay_crypt_entry_vampire_xt,
          hangedman_vaults_impose, nicolae_vaults_windows_and_doors_thing,
          vaults_room_door_hall, hangedman_vaults_corner_blocks,
          nicolae_vaults_what_the_h, serial_ice_b, vaults_room_pools,
          layout_vaults_omnicross, uniq_margery, uniq_mennas, uniq_jory
Vaults:4: gammafunk_vaults_ghost_cemetery, serial_ice_g, v_misc_14, v_misc_26,
          hangedman_vaults_stitches, vaults_mumra_chevron, grunt_vaults_funnel,
          v_alt_pattern_4, v_misc_4, nicolae_vaults_little_squares_2,
          hangedman_vaults_slice, nicolae_vaults_rhombus_5,
          nicolae_vaults_little_ls, v_misc_5, nicolae_vaults_little_squares_1,
          nicolae_vaults_little_squares_2, layout_vaults_omnibox
Vaults:5: uniq_mara
Depths:1: layout_cave_pools, serial_sigils_hangedman_confine, abyss_entry,
          pf_hell_entry_tar_river, kennysheep_generic_room_16
Depths:2: minmay_skeleton_keep, layout_basic, pf_vacation_house_of_asmodeus,
          rand_demon_pan_entry_4, kennysheep_windowed_goal
Depths:3: minmay_angry_zag, layout_long_grid, enter_ziggurat_d,
          grunt_pan_entry_sceptre, kennysheep_minor_cross,
          grunt_hell_entry_dis_grunt
Depths:4: kennysheep_funnel, layout_gridville, minmay_misc_feat_nine_boxes,
          hellmouth_3, abyss_entry, sword_in_stone
Depths:5: grunt_zot_entry_gee_three, layout_gridlike, rand_demon_pan_entry_9,
          lemuel_crystal_altar, serial_co_window_serial, co_window_corner_a,
          co_window_paths_a, co_window_corner_a, co_window_corner_a,
          co_window_corner_a, co_window_corner_a, co_window_paths_a,
          co_window_corner_cb, co_window_paths_c, co_window_corner_ca,
          glass_columns_c, glass_columns_a, serial_shops, shop_fountains,
          hell_entry
Zot:1:    layout_cathedral_of_symmetry, grunt_megastairs_4
Zot:2:    layout_onion, drop_trap
Zot:3:    layout_cathedral_of_symmetry, hangedman_zot_wheel_spokes,
          evilmike_ambush [evilmike_ambush_outer_corners,
          evilmike_ambush_inner_cross]
Zot:4:    kennysheep_spiral_hall, layout_cathedral_of_symmetry
Zot:5:    layout_basic, st_stairs_11

Skill      XL: |  1  2  3  4  5  6  7  8  9 10 11 12 13 14 15 16 17 18 19 20 21 22 23 24 25 26 27 |
---------------+----------------------------------------------------------------------------------+-----
Maces & Flails | 3 4 5 6 7 9 11 13 14 16 17 18 19 20 | 20.6
Fighting       | 6 9 10 11 13 14 15 16 17 18 19 20 23 | 23.3
Armour         | 4 7 9 10 11 14 16 18 19 21 | 21.2
Shields        | 8 12 15 17 18 19 20 21 23 26 27 | 27.0
Invocations    | 5 9 10 | 10.0
Evocations     | 4 7 10 | 10.5
Translocations | 6 11 16 | 16.3
Spellcasting   | 4 |  4.5
Dodging        | 8 |  8.9

Action                   |  1- 3 |  4- 6 |  7- 9 | 10-12 | 13-15 | 16-18 | 19-21 | 22-24 | 25-27 || total
-------------------------+-------+-------+-------+-------+-------+-------+-------+-------+-------++-------
Melee: Flail             |   121 |   194 |   826 |  1063 |  2010 |   758 |       |       |       ||  4972
       Unarmed           |       |     2 |       |       |       |       |       |       |       ||     2
       Morningstar       |       |       |       |       |    92 |   635 |       |       |       ||   727
       Eveningstar       |       |       |       |       |       |   461 |  1611 |  1662 |  1925 ||  5659
       Demon whip        |       |       |       |       |       |       |    61 |       |       ||    61
       Headbutt          |       |       |       |       |       |       |       |       |   129 ||   129
Throw: Throwing net      |       |     1 |       |     1 |       |       |       |       |       ||     2
       Dart              |       |       |     2 |     8 |       |     4 |       |       |       ||    14
Invok: Heroism           |       |       |       |     2 |     1 |       |       |       |       ||     3
       Finesse           |       |       |       |       |       |     1 |     2 |     2 |     5 ||    10
 Abil: Fly               |       |       |       |       |     2 |       |       |     1 |     1 ||     4
       Stop Flying       |       |       |       |       |     1 |       |     1 |       |     1 ||     3
Evoke: Wand              |       |       |       |     8 |     1 |     8 |     4 |     6 |    10 ||    37
       Phantom mirror    |       |       |       |       |       |       |       |       |     1 ||     1
  Use: Potion            |       |     1 |     3 |     9 |     6 |     3 |     3 |     3 |     6 ||    34
       Scroll            |       |       |     6 |       |    20 |    23 |     8 |     4 |    27 ||    88
 Stab: Held in net/web   |       |     2 |       |     1 |       |       |     2 |       |       ||     5
       Confused          |       |       |       |     7 |       |     2 |       |       |       ||     9
       Paralysed         |       |       |       |       |       |     2 |       |       |       ||     2
  Eat: Chunk             |     1 |     5 |    22 |    28 |    23 |    28 |    22 |    13 |    10 ||   152
       Ration            |       |       |     2 |       |     2 |     4 |     1 |     4 |    12 ||    25
Armor: Scale mail        |    72 |   106 |   437 |   566 |  1297 |  1182 |   610 |       |       ||  4270
       Skin              |       |       |       |    13 |       |       |       |       |       ||    13
       Plate armour      |       |       |       |       |       |       |   451 |  1016 |   236 ||  1703
       Gold dragon scale |       |       |       |       |       |       |       |       |   161 ||   161
       Crystal plate arm |       |       |       |       |       |       |       |       |   682 ||   682
Dodge: Dodged            |    49 |    72 |   200 |   246 |   581 |   612 |   387 |   343 |   344 ||  2834
Block: Shield            |    68 |    85 |   318 |   380 |  1029 |   614 |  1134 |  1191 |   165 ||  4984
       Buckler           |       |       |       |       |       |   308 |       |       |       ||   308
       Reflection        |       |       |       |       |       |    16 |       |       |    28 ||    44
       Large shield      |       |       |       |       |       |       |       |       |  1973 ||  1973
